 Dungeon Crawl Stone Soup version 0.31-a0-920-g28cbb04a8c (webtiles) character file.

Game seed: 6930685894505505581

2685 sircluck the Grappler (level 9, 0/85 HPs)
             Began as a Troll Berserker on Oct 17, 2023.
             Was an Elder of Trog.
             Slain by Snorg (8 damage)
             ... on level 10 of the Dungeon.
             The game lasted 00:06:02 (4630 turns).

sircluck the Grappler (Troll Berserker)             Turns: 4630, Time: 00:06:03

Health: 0/85       AC:  6    Str: 31    XL:     9   Next: 38%
Magic:  8/8        EV: 11    Int:  3    God:    Trog [****..]
Gold:   354        SH:  0    Dex:  9    Spells: 8/8 levels left

rFire   + .          .
                       - Unarmed
rCold   + . .        (no shield)
rNeg    . . .        E - +0 troll leather armour
rPois   .            (helmet restricted)
rElec   .            b - +0 cloak
rCorr   .            (gloves unavailable)
SInv    .            (boots unavailable)
Will    .....        r - amulet of regeneration
Stlth   +            f - ring of protection from fire
HPRegen 2.74/turn    p - ring of protection from cold
MPRegen 0.11/turn

%: no passive effects
@: no status effects
A: large, unfitting armour, claws 3, regeneration 1, shaggy fur 1, tough skin 1
a: Renounce Religion, Berserk, Trog's Hand, Brothers in Arms


You were on level 10 of the Dungeon.
You worshipped Trog.
Trog was greatly pleased with you.
You visited 1 branch of the dungeon, and saw 8 of its levels.

You collected 354 gold pieces.

Inventory:

Missiles
 A - a throwing net
 H - 5 stones
Armour
 a - a +0 animal skin
 b - a +0 cloak (worn)
 k - a +2 robe of cold resistance
 D - the +5 robe of Misfortune {Harm *Corrode *Slow EV+5}
   (You found it on level 6 of the Dungeon)

   EV+5:      It affects your evasion (+5).
   *Corrode:  It may corrode you when you take damage.
   *Slow:     It may slow you when you take damage.
   Harm:      It increases damage dealt and taken.
 E - a +0 troll leather armour (worn)
Jewellery
 f - a ring of protection from fire (left claw)
 p - a ring of protection from cold (right claw)
 r - an amulet of regeneration (around neck)
 u - a ring of protection from fire
 x - an amulet of faith
 y - an amulet of reflection
 F - a ring of protection from fire
Wands
 v - a wand of mindburst (25)
 G - a wand of quicksilver (9)
Scrolls
 c - 2 scrolls of fear {unknown}
 d - a scroll of revelation {unknown}
 e - 4 scrolls of teleportation {unknown}
 h - 6 scrolls of identify {unknown}
 i - 3 scrolls of vulnerability {unknown}
 j - 2 scrolls of enchant armour {unknown}
 m - 3 scrolls of noise {unknown}
 n - a scroll of immolation {unknown}
 o - 4 scrolls of silence {unknown}
 q - a scroll of enchant weapon {unknown}
 s - 2 scrolls of butterflies {unknown}
 w - 2 scrolls of blinking {unknown}
 B - 5 scrolls of amnesia {unknown}
Potions
 g - 4 potions of curing {unknown}
 l - a potion of ambrosia {unknown}
 t - 2 potions of mutation {unknown}
 z - 3 potions of attraction {unknown}
 C - a potion of brilliance {unknown}


   Skills:
 + Level 4.5 Fighting
 + Level 1.2 Armour
 + Level 5.7 Dodging
 + Level 0.9 Stealth
 + Level 10.3 Unarmed Combat


You had 8 spell levels left.
You didn't know any spells.
Your spell library was empty.

Dungeon Overview and Level Annotations

Branches:
Dungeon (7/15)             Temple (0/1) D:5

Altars:
Fedhas
Gozag
Kikubaaqudgha
Makhleb
Vehumet

Annotations:
D:10 Snorg


Innate Abilities, Weirdness & Mutations

You are too large for most types of armour.
You have claws for hands.
Your natural rate of healing is unusually fast.
You are covered in fur. (AC +1)
You have tough skin. (AC +1)


Message History

Your Armour skill increases to level 1!
Your Unarmed Combat skill increases to level 10!
Unknown command.
Unknown command.
You closely miss the bullfrog. The bullfrog hits you.
You mangle the bullfrog!!
You kill the bullfrog!
Trog accepts your kill.
You see here a bullfrog corpse.
HP restored.
You see here a bullfrog corpse.
G - a wand of quicksilver (9)
Things that are here:
a +1 whip of freezing; a +0 robe A malevolent force fills the Dungeon...
You fall into a shaft and drop 3 floors!
The shaft crumbles and collapses.
Found 5 stones.
Unknown command.
You see here 5 stones.
H - 5 stones
Found a stone staircase leading up.
Found 16 gold pieces.
There is a stone staircase leading up here.
You now have 354 gold pieces (gained 16).
Found a leather armour.
Snorg the Insatiable comes into view.
Found a runed long sword.
Snorg shouts!
Snorg goes berserk!
Snorg rages.
Snorg bites you! Snorg claws you. Snorg claws you! Snorg bites you.
Snorg claws you! Snorg barely misses you. Snorg bites you!
Snorg barely misses you. x2
Snorg attacks as she pursues you! Snorg bites you!
* * * LOW HITPOINT WARNING * * *
Snorg claws you!
* * * LOW HITPOINT WARNING * * *
Snorg claws you!
You die...

.......# .......# ......#
#....# # #)...# #####.
#....#########..... ..
#..................
..#####.@T...............
.........[...............
#.......#############....
#.......# +.... #.......#
#...< #.......# #...#
#.......# +...# ........+
#...#
........######+######....


You could see Snorg (berserk).

Vanquished Creatures
  Pikel (D:7)
  A troll (D:7)
  A steam dragon (D:6)
  Menkaure (D:3)
  A water moccasin (D:5)
  An ice beast (D:5)
  A black bear (D:5)
  A centaur (D:4)
  3 ogres
  A lemure (D:7)
  2 bullfrogs
  A gnoll sergeant (D:5)
  2 scorpions
  A jelly (D:6)
  6 hounds
  3 orc priests
  A gnoll bouda (D:6)
  Jessica (D:3)
  Natasha (thrice) (D:3)
  Terence (D:3)
  3 sleepcaps
  2 orc wizards
  8 gnolls
  7 adders
  A shadow imp (D:7)
  4 worms
  3 dart slugs
  18 orcs
  An endoplasm (D:2)
  5 giant cockroaches
  4 goblins
  2 hobgoblins (D:1)
  2 jackals (D:1)
  2 quokkas
  5 ball pythons
  5 bats
  3 frilled lizards
  5 kobolds
  5 rats
118 creatures vanquished.

Vanquished Creatures (others)
  An orc wizard (D:5)
1 creature vanquished.

Grand Total: 119 creatures vanquished

Notes
Turn   | Place    | Note
-------+----------+-------------------------------------------
     0 | D:1      | sircluck the Troll Berserker began the quest for the Orb.
     0 | D:1      | Reached XP level 1. HP: 22/22 MP: 0/0
   138 | D:1      | Reached XP level 2. HP: 26/29 MP: 1/1
   512 | D:1      | Reached ** piety under Trog
   753 | D:3      | Reached XP level 3. HP: 36/36 MP: 2/2
   777 | D:3      | Noticed Jessica
   781 | D:3      | Killed Jessica
   849 | D:3      | Noticed Natasha
   855 | D:3      | Killed Natasha
   856 | D:3      | Reached skill level 4 in Unarmed Combat
   856 | D:3      | Reached XP level 4. HP: 44/44 MP: 3/3
   858 | D:3      | Noticed Natasha
   865 | D:3      | Killed Natasha
   999 | D:3      | Noticed Terence
  1013 | D:3      | Killed Terence
  1014 | D:3      | Reached XP level 5. HP: 44/53 MP: 4/4
  1033 | D:3      | Found a faded altar of an unknown god.
  1060 | D:4      | Noticed Menkaure
  1068 | D:3      | Reached skill level 5 in Unarmed Combat
  1079 | D:3      | Killed Menkaure
  1080 | D:3      | Reached XP level 6. HP: 43/61 MP: 5/5
  1205 | D:3      | Noticed Natasha
  1211 | D:3      | Killed Natasha
  2250 | D:4      | Reached *** piety under Trog
  2251 | D:4      | Reached skill level 6 in Unarmed Combat
  2663 | D:4      | Found an opulent altar of Gozag.
  2688 | D:5      | Entered Level 5 of the Dungeon
  2700 | D:5      | Reached XP level 7. HP: 29/67 MP: 6/6
  2729 | D:5      | Reached skill level 7 in Unarmed Combat
  2913 | D:5      | Reached XP level 8. HP: 75/75 MP: 7/7
  2925 | D:5      | Reached skill level 8 in Unarmed Combat
  3141 | D:5      | Found a staircase to the Ecumenical Temple.
  3177 | D:5      | Found an ancient bone altar of Kikubaaqudgha.
  3221 | D:5      | Found a radiant altar of Vehumet.
  3221 | D:5      | Found a blossoming altar of Fedhas.
  3564 | D:6      | Reached skill level 5 in Dodging
  3566 | D:6      | Reached skill level 9 in Unarmed Combat
  3756 | D:6      | Reached **** piety under Trog
  3769 | D:6      | Found the +5 robe of Misfortune {Harm *Corrode *Slow EV+5}
  4052 | D:6      | Found a burning altar of Makhleb.
  4272 | D:7      | Noticed a troll
  4278 | D:7      | Killed a troll
  4279 | D:7      | Reached XP level 9. HP: 85/85 MP: 8/8
  4537 | D:7      | Noticed Pikel
  4549 | D:7      | Killed Pikel
  4550 | D:7      | Reached skill level 1 in Armour
  4550 | D:7      | Reached skill level 10 in Unarmed Combat
  4578 | D:7      | You fall into a shaft and drop 3 floors!
  4578 | D:10     | Entered Level 10 of the Dungeon
  4624 | D:10     | Noticed Snorg
  4630 | D:10     | Slain by Snorg

Illustrated notes

Levels and vault maps discovered:
D:1:      lightli_arrival_quake, layout_basic, nicolae_kite_square_tiling_tiny
D:2:      layout_loops_corners
D:3:      layout_rooms, shapermc_ecumenical_altar_totnotflames, uniq_terence,
          uniq_natasha, uniq_jessica
D:4:      layout_cave_pools, lemuel_coloured_pillars_altar,
          grunt_decor_fettered, mrwooster_statue_mirror, uniq_menkaure
D:5:      layout_basic, minitemple, lemuel_round_altar,
          minmay_temple_entry_antechambers
D:6:      layout_basic, lemuel_tele_altar, hangedman_decor_riveting
D:7:      layout_basic, uniq_pikel
D:10:     layout_irregular_city, erik_lair_dragon,
          ploomutoo_gammafunk_ghost_potion_laboratory, minivault_19,
          nicolae_stop_n_shop_1, nicolae_specific_store, uniq_snorg

Skill      XL: |  1  2  3  4  5  6  7  8  9 |
---------------+----------------------------+-----
Dodging        | 3 4 5 |  5.7
Unarmed Combat | 4 5 6 7 9 10 | 10.3
Fighting       | 3 4 |  4.5
Armour         | 1 |  1.2
Stealth        | |  0.9

Action                     |  1- 3 |  4- 6 |  7- 9 || total
---------------------------+-------+-------+-------++-------
  Melee: Unarmed           |    66 |   110 |   188 ||   364
         Punch             |       |     6 |     8 ||    14
 Armour: Animal skin       |    39 |       |       ||    39
         Robe              |     3 |    77 |   150 ||   230
         Troll leather arm |       |       |    37 ||    37
  Dodge: Dodged            |    33 |    55 |   125 ||   213

Table legend: (Time is in decaauts)
 A = Elapsed time spent in this place.
 B = Non-inter-level travel time spent in this place.
 C = Inter-level travel time spent in this place.
 D = Time resting spent in this place.
 E = Time spent auto-exploring this place.
 F = Levels seen in this place.
 G = Mean time per level.
                   A        B        C        D        E       F      G
               +--------+--------+--------+--------+--------+-----+--------+
         Total |   4591 |   4489 |    102 |    127 |   3306 |   8 |  573.9 |
       Dungeon |   4591 |   4489 |    102 |    127 |   3306 |   8 |  573.9 |
               +--------+--------+--------+--------+--------+-----+--------+

Top non-repeatable levels by time:
     D:5: 825 daAuts
     D:2: 820 daAuts
     D:6: 694 daAuts
     D:3: 683 daAuts
     D:1: 659 daAuts
     D:4: 513 daAuts
     D:7: 344 daAuts
    D:10: 51 daAuts
